 Dungeon Crawl Stone Soup version 0.29-a0-298-g3c90f9a769 (webtiles) character file.

Game seed: 15946707454697734755

2 Dabor the Stinger (level 1, 0/10 HPs)
             Began as a Deep Elf Venom Mage on Mar 23, 2022.
             Slain by a giant cockroach (2 damage)
             ... on level 1 of the Dungeon.
             The game lasted 00:00:05 (31 turns).

Dabor the Stinger (Deep Elf Venom Mage)               Turns: 31, Time: 00:00:06

Health: 0/10       AC:  2    Str:  5    XL:     1   Next: 33%
Magic:  3/6        EV: 12    Int: 19    God:
Gold:   0          SH:  0    Dex: 15    Spells: 5/6 levels left

rFire   . . .      SeeInvis .   (no weapon)
rCold   . . .      Faith    .   (no shield)
rNeg    . . .      Spirit   .   a - +0 robe
rPois   .          Reflect  .   (no helmet)
rElec   .          Harm     .   (no cloak)
rCorr   .          Rampage  .   (no gloves)
Will    .....                   (no boots)
Stlth   ++........              (no amulet)
HPRegen 0.03/turn               (no ring)
MPRegen 0.10/turn               (no ring)

@: no status effects
A: no striking features
a: no special abilities


You were on level 1 of the Dungeon.
You visited 1 branch of the dungeon, and saw 1 of its levels.

Inventory:

Armour
 a - a +0 robe (worn)
Potions
 b - a potion of magic


   Skills:
 + Level 2.5 Dodging
 + Level 2.5 Stealth
 + Level 3.0 Spellcasting
 + Level 1.2 Transmutations
 + Level 3.3 Poison Magic


You had 5 spell levels left.
You knew the following spells:

 Your Spells              Type           Power      Damage    Failure   Level
a - Sting                 Tmut/Pois      44%        1d5       6%          1

Your spell library contained the following spells:

 Spells                   Type           Power      Damage    Failure   Level
 Poisonous Vapours        Pois/Air       18%        N/A       12%         2
 Mephitic Cloud           Conj/Pois/Air  7%         N/A       28%         3
 Olgreb's Toxic Radiance  Pois           15%        N/A       36%         4


Dungeon Overview and Level Annotations

Branches:
Dungeon (1/15)

Altars:


Message History

You open the door.
There is an open door here.
Found a stone staircase leading down.
A bat comes into view.
You see here a scroll labelled YXYRAMM OKAO.
A kobold comes into view. It is wielding a +0 club.
The kobold shouts!
A kobold comes into view. It is wielding a +0 short sword.
You can't see any susceptible monsters within range! (Use Z to cast anyway.)
There are monsters nearby!
You can't see any susceptible monsters within range! (Use Z to cast anyway.)
A dart slug comes into view.
Found a pair of gloves.
The kobold shouts!
A bat comes into view.
There are monsters nearby!
The sting hits the bat.
The bat is poisoned.
You kill the bat!
There are monsters nearby!
The bat hits you but does no damage. The bat closely misses you.
A giant cockroach comes into view.
The kobold throws a stone.
The stone hits you.
The sting hits the bat.
The bat is poisoned.
You kill the bat!
You miscast Sting.
You are very lightly contaminated with residual magic.
Nothing appears to happen.
The kobold closely misses you. The kobold misses you.
The sting hits the kobold.
The kobold is poisoned.
The kobold is severely wounded.
The kobold hits you with a +0 club.
The kobold hits you with a +0 short sword.
* * * LOW HITPOINT WARNING * * *
You are too injured to fight recklessly!
The kobold throws a stone.
The stone hits you but does no damage.
You kill the kobold!
Your magical contamination has completely faded away.
The giant cockroach attacks as you move away!
The giant cockroach bites you.
You die...

.. ..###...####..
#.###..##..........
....#.##...........
..#..........?..... #
#.##.##............ #.
#.##.#.............
#..##.#........>.......
#......@B.K..).........
...###'#####w?..!.......
#.....# #............
#.....# #............
#.....# #..#:##......
#.###.# #............
#.#รท#.##.............
#.###.##..#.#........
#.....#..............


You could see a dart slug, a giant cockroach and a kobold.

Vanquished Creatures
  A kobold (D:1)
  2 bats (D:1)
3 creatures vanquished.

Notes
Turn   | Place    | Note
-------+----------+-------------------------------------------
     0 | D:1      | Dabor the Deep Elf Venom Mage began the quest for the Orb.
     0 | D:1      | Reached XP level 1. HP: 10/10 MP: 6/6
    31 | D:1      | Slain by a giant cockroach

Illustrated notes

Levels and vault maps discovered:
D:1:      nicolae_arrival_memento_mori, layout_rooms,
          shapermc_ecumenical_altar_notcrosses

Action                   || total
-------------------------++-------
 Cast: Sting             ||     3
Armor: Robe              ||     2
Dodge: Dodged            ||     3

Table legend: (Time is in decaauts)
 A = Elapsed time spent in this place.
 B = Non-inter-level travel time spent in this place.
 C = Inter-level travel time spent in this place.
 D = Time resting spent in this place.
 E = Time spent auto-exploring this place.
 F = Levels seen in this place.
 G = Mean time per level.
                   A        B        C        D        E       F      G
               +--------+--------+--------+--------+--------+-----+--------+
         Total |     31 |     31 |      0 |      0 |     14 |   1 |   31.0 |
       Dungeon |     31 |     31 |      0 |      0 |     14 |   1 |   31.0 |
               +--------+--------+--------+--------+--------+-----+--------+

Top non-repeatable levels by time:
     D:1: 31 daAuts
